Maple Leafs vs Oilers

Created - 5 février 2013 at 19:06

Goals
1 2 3 T
Maple Leafs 0 2 1 3
Oilers 0 0 1 1
Shots
1 2 3 T
Maple Leafs 7 13 8 28
Oilers 11 14 11 36

1st period

No Goal

Penalties :
Byron Bitz (Tor) for Tripping (Minor) at 9:35, Claude Giroux (Tor) for Roughing (Minor) at 12:31, Patrick Kaleta (Edm) for Interference (Minor) at 16:31, Derek Roy (Tor) for Slashing (Minor) at 16:31

2nd period

1. Maple Leafs , Derek Roy 8 (Stephane Robidas, Brad Boyes) at 2:08 (PP)
2. Maple Leafs , Claude Giroux 24 (Peter Forsberg) at 11:48

Penalties :
Kurtis Foster (Edm) for Tripping (Minor) at 0:33, Mark Fistric (Edm) for Tripping (Minor) at 11:38, Derek Roy (Tor) for Holding (Minor) at 11:38, Dustin Penner (Tor) for Interference (Minor) at 13:49, Zach Parise (Tor) for High sticking (Minor) at 18:16

3rd period

3. Oilers , Pierre-Marc Bouchard 9 (Ilya Kovalchuk) at 4:16
4. Maple Leafs , Zach Parise 7 (Peter Forsberg, Claude Giroux) at 12:07

Penalties :
Steve Begin (Edm) for Holding (Minor) at 13:02

Goalie Stats

Marc-André Fleury (Tor), 35 saves from 36 shots - (0,972), W, 19-7-3, 60:00 minutes
Cam Ward (Edm), 25 saves from 28 shots - (0,893), L, 14-10-3, 60:00 minutes

Players Stats for Maple Leafs

Player Name              G  A  P  +/- PIM S  H  SB GA TA FO     MP     PP MP  PK MP  
------------------------------------------------------------------------------------
Alex Goligoski           0  0  0   1  0   1  1  0  0  0  0/0    16:03   1:05   0:00 
Andy Hilbert             0  0  0   0  0   0  1  0  0  0  0/0     9:04   0:00   1:39 
Brad Boyes               0  1  1  -1  0   3  0  0  1  0  0/1    15:07   2:03   0:00 
Brett Clark              0  0  0  -1  0   1  1  0  0  0  0/0    16:10   0:00   3:15 
Byron Bitz               0  0  0   0  2   1  1  0  0  0  0/0    10:21   0:00   0:00 
Claude Giroux            1  1  2   2  2   5  2  0  0  0  1/2    22:51   1:31   3:26 
Derek Roy                1  0  1  -1  4   2  1  0  0  1  7/15   16:57   2:03   2:34 
Dion Phaneuf             0  0  0  -1  0   1  2  1  1  2  0/0    19:20   1:05   3:15 
Dustin Penner            0  0  0  -1  2   0  1  0  0  0  1/2    14:10   2:03   0:23 
Jeff Halpern             0  0  0   0  0   0  1  0  0  0  1/2     7:11   0:00   0:00 
Jordan Leopold           0  0  0   1  0   0  1  3  0  0  0/0    17:57   0:00   4:41 
Paul Stastny             0  0  0   0  0   1  1  0  0  0  0/3    11:59   0:00   0:00 
Peter Forsberg           0  2  2   2  0   2  1  2  1  0  17/34  23:37   1:31   4:26 
Scott Walker             0  0  0   0  0   1  1  0  1  0  0/0     8:35   0:00   1:58 
Stephane Robidas         0  1  1   1  0   5  0  5  1  0  0/0    27:47   2:29   4:41 
Steve Ott                0  0  0   0  0   0  2  0  0  0  0/0    10:12   0:00   0:00 
Tobias Enstrom           0  0  0   1  0   2  0  2  3  0  0/0    22:43   2:29   0:00 
Zach Parise              1  0  1   1  2   3  1  0  0  3  2/3    17:56   1:31   1:26 

Players Stats for Oilers

Player Name              G  A  P  +/- PIM S  H  SB GA TA FO     MP     PP MP  PK MP  
------------------------------------------------------------------------------------
Eric Nystrom             0  0  0   0  0   1  0  0  0  0  0/0     8:23   0:00   0:59 
Erik Rasmussen           0  0  0   0  0   3  0  0  0  0  7/10   14:53   0:00   2:01 
Ian White                0  0  0   0  0   0  0  0  1  1  0/0    21:57   3:45   0:00 
Ilya Kovalchuk           0  1  1  -1  0   7  4  1  2  1  0/0    21:57   4:04   0:23 
Jiri Slegr               0  0  0   0  0   1  0  2  0  1  0/0    24:30   3:45   1:43 
Joe Callahan             0  0  0   0  0   2  0  0  2  0  0/0    17:42   4:11   1:51 
Joe Pavelski             0  0  0   0  0   1  0  0  0  0  0/0    14:39   3:52   0:00 
Jonathan Toews           0  0  0   0  0   1  3  0  1  0  5/14   14:31   3:52   0:23 
Kurtis Foster            0  0  0  -1  2   4  1  1  0  1  0/0    23:14   4:11   0:00 
Mark Fistric             0  0  0   0  2   1  1  0  0  2  0/0    12:55   0:00   1:43 
Pascal Dupuis            0  0  0   0  0   0  0  0  0  0  1/1     7:16   0:00   0:00 
Patrick Kaleta           0  0  0   0  2   2  3  0  0  1  0/1    20:12   3:59   0:00 
Patrick Marleau          0  0  0   0  0   3  0  0  0  0  1/1    17:14   3:52   0:00 
Pavol Demitra            0  0  0   0  0   2  1  0  0  0  0/0    11:38   0:05   1:10 
Pierre-Marc Bouchard     1  0  1  -1  0   5  3  1  0  0  17/29  21:33   4:04   0:00 
Rob Scuderi              0  0  0  -1  0   2  1  1  0  0  0/0    19:46   0:00   1:51 
Steve Begin              0  0  0   0  2   0  1  1  0  1  0/0    11:24   0:00   1:02 
Vernon Fiddler           0  0  0   0  0   1  0  0  0  0  2/6     8:40   0:00   1:10 

3 Stars

1 - Marc-André Fleury (Tor)
2 - Claude Giroux (Tor)
3 - Peter Forsberg (Tor)

Power Play

Maple Leafs - 1 on 2 Attempt(s) - 50,00%
Oilers - 0 on 4 Attempt(s) - 0,00%

Penalty Kill

Maple Leafs - 4 on 4 Attempt(s) - 100,00% - Score 0 goal in Penalty Kill
Oilers - 1 on 2 Attempt(s) - 50,00% - Score 0 goal in Penalty Kill

Official

Referees : McCauley Wes and Joannette Marc
Linesman : Jean Morin and Derek Amell

Game Notes

No Game Note

Finance

Level 1 -- Attendance: 5899 (98,32%) -- Ticket Income 436 526 $
Level 2 -- Attendance: 5000 (100,00%) -- Ticket Income 245 000 $
Level 3 -- Attendance: 1598 (79,90%) -- Ticket Income 54 332 $
Level 4 -- Attendance: 3561 (89,03%) -- Ticket Income 67 659 $
Luxury Box -- Attendance: 942 (94,20%) -- Ticket Income 161 082 $
Game was played at the Rexall Place
Total Attendance: 17000 (94,44%)
Total Ticket Income: 964 599 $
Total Income: 964 599 $

Maple Leafs

5 vs 5 Forward 
   Center                   Left Wing                Right Wing               Time % Phy DF OF 
 1 Peter Forsberg           Zach Parise              Claude Giroux            40     0   1  4  
 2 Derek Roy                Dustin Penner            Brad Boyes               30     1   1  3  
 3 Paul Stastny             Steve Ott                Byron Bitz               20     1   2  2  
 4 Jeff Halpern             Andy Hilbert             Scott Walker             10     1   3  1  

5 vs 5 Defense 
   Defense                  Defense                                           Time % Phy DF OF 
 1 Tobias Enstrom           Stephane Robidas                                  40     1   1  3  
 2 Dion Phaneuf             Brett Clark                                       30     1   3  1  
 3 Jordan Leopold           Alex Goligoski                                    30     1   1  3  
 4 Stephane Robidas         Tobias Enstrom                                    0      1   2  2  

PowerPlay Forward 
   Center                   Left Wing                Right Wing               Time % Phy DF OF 
 1 Peter Forsberg           Zach Parise              Claude Giroux            60     0   1  4  
 2 Derek Roy                Dustin Penner            Brad Boyes               40     0   1  4  

PowerPlay Defense
   Defense                  Defense                                           Time % Phy DF OF 
 1 Tobias Enstrom           Stephane Robidas                                  60     0   1  4  
 2 Dion Phaneuf             Alex Goligoski                                    40     0   1  4  

Penalty Kill 4 Players Forward 
   Center                   Wing                     Time % Phy DF OF 
 1 Peter Forsberg           Claude Giroux            60     1   3  1  
 2 Derek Roy                Zach Parise              40     1   3  1  

Penalty Kill 4 Players Defense
   Defense                  Defense                  Time % Phy DF OF 
 1 Stephane Robidas         Jordan Leopold           60     1   3  1  
 2 Dion Phaneuf             Brett Clark              40     1   3  1  

Penalty Kill - 3 Players Forward 
   Forward                                           Time % Phy DF OF 
 1 Peter Forsberg                                    60     1   4  0  
 2 Claude Giroux                                     40     1   4  0  

Penalty Kill - 3 Players Defense
   Defense                  Defense                  Time % Phy DF OF 
 1 Stephane Robidas         Jordan Leopold           60     1   4  0  
 2 Dion Phaneuf             Brett Clark              40     1   4  0  

4 vs 4 Forward 
   Center                   Wing                     Time % Phy DF OF 
 1 Peter Forsberg           Claude Giroux            60     1   2  2  
 2 Derek Roy                Brad Boyes               40     1   2  2  

4 vs 4 Defense
   Defense                  Defense                  Time % Phy DF OF 
 1 Stephane Robidas         Tobias Enstrom           60     1   2  2  
 2 Dion Phaneuf             Alex Goligoski           40     1   2  2  

Last Minutes Offensive
   Center                   Left Wing                Right Wing               Defense                  Defense                  
   Peter Forsberg           Zach Parise              Claude Giroux            Dion Phaneuf             Tobias Enstrom           

Last Minutes Defensive
   Center                   Left Wing                Right Wing               Defense                  Defense                  
   Peter Forsberg           Zach Parise              Claude Giroux            Dion Phaneuf             Brett Clark              

Goaltenders
Starting : Marc-André Fleury        
Backup : Mike Dunham              

Extra Forwards
Normal : Claude Giroux, Peter Forsberg, Paul Stastny - PP : Brad Boyes, Claude Giroux - PK : Scott Walker
Extra Defensemen
Normal : Tobias Enstrom, Jordan Leopold, Brett Clark - PP : Tobias Enstrom - PK : Jordan Leopold, Stephane Robidas
Penalty Shots
Peter Forsberg, Claude Giroux, Stephane Robidas, Brad Boyes, Derek Roy

Oilers

5 vs 5 Forward 
   Center                   Left Wing                Right Wing               Time % Phy DF OF 
 1 Pierre-Marc Bouchard     Ilya Kovalchuk           Patrick Kaleta           40     1   1  3  
 2 Jonathan Toews           Patrick Marleau          Joe Pavelski             30     1   2  2  
 3 Erik Rasmussen           Steve Begin              Pavol Demitra            20     2   1  2  
 4 Vernon Fiddler           Eric Nystrom             Pascal Dupuis            10     1   3  1  

5 vs 5 Defense 
   Defense                  Defense                                           Time % Phy DF OF 
 1 Kurtis Foster            Rob Scuderi                                       36     0   3  2  
 2 Ian White                Jiri Slegr                                        36     1   2  2  
 3 Joe Callahan             Mark Fistric                                      23     0   3  2  
 4 Kurtis Foster            Jiri Slegr                                        5      1   2  2  

PowerPlay Forward 
   Center                   Left Wing                Right Wing               Time % Phy DF OF 
 1 Pierre-Marc Bouchard     Ilya Kovalchuk           Patrick Kaleta           50     0   1  4  
 2 Jonathan Toews           Patrick Marleau          Joe Pavelski             50     0   1  4  

PowerPlay Defense
   Defense                  Defense                                           Time % Phy DF OF 
 1 Kurtis Foster            Joe Callahan                                      50     0   2  3  
 2 Ian White                Jiri Slegr                                        50     0   2  3  

Penalty Kill 4 Players Forward 
   Center                   Wing                     Time % Phy DF OF 
 1 Erik Rasmussen           Steve Begin              50     1   3  1  
 2 Vernon Fiddler           Pavol Demitra            50     1   3  1  

Penalty Kill 4 Players Defense
   Defense                  Defense                  Time % Phy DF OF 
 1 Jiri Slegr               Mark Fistric             50     1   3  1  
 2 Joe Callahan             Rob Scuderi              50     1   3  1  

Penalty Kill - 3 Players Forward 
   Forward                                           Time % Phy DF OF 
 1 Ilya Kovalchuk                                    50     1   2  2  
 2 Erik Rasmussen                                    50     1   3  1  

Penalty Kill - 3 Players Defense
   Defense                  Defense                  Time % Phy DF OF 
 1 Jiri Slegr               Mark Fistric             50     1   3  1  
 2 Ian White                Rob Scuderi              50     1   3  1  

4 vs 4 Forward 
   Center                   Wing                     Time % Phy DF OF 
 1 Pierre-Marc Bouchard     Ilya Kovalchuk           50     1   1  3  
 2 Erik Rasmussen           Patrick Marleau          50     1   2  2  

4 vs 4 Defense
   Defense                  Defense                  Time % Phy DF OF 
 1 Kurtis Foster            Rob Scuderi              50     1   2  2  
 2 Ian White                Jiri Slegr               50     1   2  2  

Last Minutes Offensive
   Center                   Left Wing                Right Wing               Defense                  Defense                  
   Pierre-Marc Bouchard     Ilya Kovalchuk           Joe Pavelski             Jiri Slegr               Kurtis Foster            

Last Minutes Defensive
   Center                   Left Wing                Right Wing               Defense                  Defense                  
   Pierre-Marc Bouchard     Ilya Kovalchuk           Joe Pavelski             Ian White                Jiri Slegr               

Goaltenders
Starting : Cam Ward                 
Backup : Byron Dafoe              

Extra Forwards
Normal : Joe Pavelski, Ilya Kovalchuk, Patrick Marleau - PP : Pavol Demitra, Erik Rasmussen - PK : Eric Nystrom
Extra Defensemen
Normal : Ian White, Kurtis Foster, Jiri Slegr - PP : Mark Fistric - PK : Ian White, Kurtis Foster
Penalty Shots
Ilya Kovalchuk, Joe Pavelski, Patrick Marleau, Pierre-Marc Bouchard, Pavol Demitra

% Time on Ice - Maple Leafs

Lines # - Real PCT - Wanted PCT - Time Play
Normal Forward
1 - 34% - 40% - 15:11
2 - 29% - 30% - 12:42
3 - 23% - 20% - 10:12
4 - 14% - 10% - 6:27
Normal Defense
1 - 41% - 40% - 18:06
2 - 30% - 30% - 13:33
3 - 29% - 30% - 12:53
4 - 0% - 0% - 0:00
PP Forward
1 - 43% - 60% - 1:31
2 - 57% - 40% - 2:03
PP Defense
1 - 70% - 60% - 2:29
2 - 30% - 40% - 1:05
PK Forward
1 - 72% - 60% - 5:45
2 - 28% - 40% - 2:11
PK Defense
1 - 59% - 60% - 4:41
2 - 41% - 40% - 3:15
PK3 Forward
1 - 0% - 60%
2 - 0% - 40%
PK3 Defense
1 - 0% - 60%
2 - 0% - 40%
44 Forward
1 - 74% - 60% - 2:57
2 - 26% - 40% - 1:01
44 Defense
1 - 63% - 60% - 2:31
2 - 37% - 40% - 1:27
Last Minute Offensive  - 0:00
Last Minute Defensive  - 0:00
Total
Forward - 60:00
Defense - 60:00

% Time on Ice - Oilers

Lines # - Real PCT - Wanted PCT - Time Play
Normal Forward
1 - 36% - 40% - 16:11
2 - 25% - 30% - 11:08
3 - 23% - 20% - 10:03
4 - 16% - 10% - 7:10
Normal Defense
1 - 37% - 36% - 16:34
2 - 36% - 36% - 16:13
3 - 25% - 23% - 11:01
4 - 2% - 5% - 0:44
PP Forward
1 - 51% - 50% - 4:04
2 - 49% - 50% - 3:52
PP Defense
1 - 53% - 50% - 4:11
2 - 47% - 50% - 3:45
PK Forward
1 - 67% - 50% - 2:24
2 - 33% - 50% - 1:10
PK Defense
1 - 48% - 50% - 1:43
2 - 52% - 50% - 1:51
PK3 Forward
1 - 0% - 50%
2 - 0% - 50%
PK3 Defense
1 - 0% - 50%
2 - 0% - 50%
44 Forward
1 - 45% - 50% - 1:47
2 - 55% - 50% - 2:11
44 Defense
1 - 59% - 50% - 2:21
2 - 41% - 50% - 1:37
Last Minute Offensive  - 0:00
Last Minute Defensive  - 0:00
Total
Forward - 60:00
Defense - 60:00

Play by Play

1st period


0:01 of 1st period - Peter Forsberg wins face-off versus Pierre-Marc Bouchard in neutral zone.
0:06 of 1st period - Wrist shot by Patrick Kaleta.
0:06 of 1st period - Shot Blocked by Stephane Robidas.
0:14 of 1st period - Snap shot by Peter Forsberg.
0:14 of 1st period - Shot Misses the Net.
0:51 of 1st period - Snap shot by Paul Stastny.
0:51 of 1st period - Shot Misses the Net.
1:15 of 1st period - Jiri Slegr is hit by Jordan Leopold.
1:53 of 1st period - Snap shot by Pierre-Marc Bouchard.
1:53 of 1st period - Stopped by Marc-André Fleury without a rebound.
1:54 of 1st period - Pierre-Marc Bouchard wins face-off versus Peter Forsberg in Maple Leafs zone.
1:57 of 1st period - Slapshot by Ilya Kovalchuk.
1:57 of 1st period - Stopped by Marc-André Fleury with a rebound.
2:48 of 1st period - Snap shot by Jonathan Toews.
2:48 of 1st period - Stopped by Marc-André Fleury without a rebound.
2:49 of 1st period - Pierre-Marc Bouchard wins face-off versus Derek Roy in Maple Leafs zone.
2:50 of 1st period - Snap shot by Ilya Kovalchuk.
2:50 of 1st period - Stopped by Marc-André Fleury without a rebound.
2:51 of 1st period - Pierre-Marc Bouchard wins face-off versus Peter Forsberg in Maple Leafs zone.
4:11 of 1st period - Slapshot by Stephane Robidas.
4:11 of 1st period - Stopped by Cam Ward with a rebound.
4:45 of 1st period - Slapshot by Patrick Marleau.
4:45 of 1st period - Shot Hit the Post.
4:47 of 1st period - Slapshot by Joe Callahan.
4:47 of 1st period - Shot Blocked by Jordan Leopold.
4:49 of 1st period - Slapshot by Patrick Marleau.
4:49 of 1st period - Shot Misses the Net.
5:27 of 1st period - Wrist shot by Paul Stastny.
5:27 of 1st period - Shot Misses the Net.
5:29 of 1st period - Slapshot by Jordan Leopold.
5:29 of 1st period - Deflect By Paul Stastny.
5:29 of 1st period - Shot Blocked by Ilya Kovalchuk.
5:29 of 1st period - Puck is out of play.
5:30 of 1st period - Jonathan Toews wins face-off versus Paul Stastny in Oilers zone.
5:41 of 1st period - Backhand shot by Paul Stastny.
5:41 of 1st period - Shot Misses the Net.
5:43 of 1st period - Wrist shot by Byron Bitz.
5:43 of 1st period - Shot Misses the Net.
5:45 of 1st period - Slapshot by Stephane Robidas.
5:45 of 1st period - Shot Misses the Net.
6:17 of 1st period - Steve Begin is hit by Brett Clark and loses puck.
6:22 of 1st period - Slapshot by Dustin Penner.
6:22 of 1st period - Deflect By Brad Boyes.
6:22 of 1st period - Shot Misses the Net.
6:22 of 1st period - Puck is out of play.
6:23 of 1st period - Peter Forsberg wins face-off versus Jonathan Toews in Oilers zone.
6:34 of 1st period - Snap shot by Patrick Marleau.
6:34 of 1st period - Stopped by Marc-André Fleury with a rebound.
6:50 of 1st period - Tobias Enstrom is hit by Ilya Kovalchuk and loses puck.
7:39 of 1st period - Snap shot by Scott Walker.
7:39 of 1st period - Stopped by Cam Ward with a rebound.
7:53 of 1st period - Snap shot by Peter Forsberg.
7:53 of 1st period - Stopped by Cam Ward without a rebound.
7:54 of 1st period - Peter Forsberg wins face-off versus Pierre-Marc Bouchard in Oilers zone.
7:55 of 1st period - Slapshot by Claude Giroux.
7:55 of 1st period - Stopped by Cam Ward without a rebound.
7:56 of 1st period - Pierre-Marc Bouchard wins face-off versus Peter Forsberg in Oilers zone.
8:07 of 1st period - Snap shot by Ilya Kovalchuk.
8:07 of 1st period - Shot Misses the Net.
8:43 of 1st period - Wrist shot by Peter Forsberg.
8:43 of 1st period - Shot Blocked by Jiri Slegr.
8:45 of 1st period - Slapshot by Brett Clark.
8:45 of 1st period - Stopped by Cam Ward with a rebound.
8:47 of 1st period - Wrist shot by Zach Parise.
8:47 of 1st period - Deflect By Jiri Slegr.
8:47 of 1st period - Shot Misses the Net.
8:47 of 1st period - Puck is out of play.
8:48 of 1st period - Jonathan Toews wins face-off versus Dustin Penner in Oilers zone.
9:19 of 1st period - Off-side.
9:20 of 1st period - Erik Rasmussen wins face-off versus Paul Stastny in neutral zone.
9:35 of 1st period - Minor Penalty to Byron Bitz for Tripping.
9:36 of 1st period - Pierre-Marc Bouchard wins face-off versus Peter Forsberg in Maple Leafs zone.
9:41 of 1st period - Snap shot by Ilya Kovalchuk.
9:41 of 1st period - Stopped by Marc-André Fleury without a rebound.
9:42 of 1st period - Peter Forsberg wins face-off versus Pierre-Marc Bouchard in Maple Leafs zone.
10:07 of 1st period - Kurtis Foster is hit by Claude Giroux and loses puck.
11:35 of 1st period - Penalty to Byron Bitz is over, Byron Bitz is back on ice.
11:47 of 1st period - Off-side.
11:48 of 1st period - Erik Rasmussen wins face-off versus Derek Roy in neutral zone.
12:16 of 1st period - Snap shot by Vernon Fiddler.
12:16 of 1st period - Shot Misses the Net.
12:18 of 1st period - Snap shot by Kurtis Foster.
12:18 of 1st period - Stopped by Marc-André Fleury with a rebound.
12:20 of 1st period - Snap shot by Joe Callahan.
12:20 of 1st period - Stopped by Marc-André Fleury without a rebound.
12:21 of 1st period - Peter Forsberg wins face-off versus Pierre-Marc Bouchard in Maple Leafs zone.
12:21 of 1st period - Peter Forsberg is hit by Pierre-Marc Bouchard.
12:31 of 1st period - Minor Penalty to Claude Giroux for Roughing.
12:32 of 1st period - Peter Forsberg wins face-off versus Jonathan Toews in Maple Leafs zone.
14:31 of 1st period - Penalty to Claude Giroux is over, Claude Giroux is back on ice.
14:46 of 1st period - Rob Scuderi is hit by Paul Stastny and loses puck.
15:01 of 1st period - Mark Fistric is hit by Peter Forsberg and loses puck.
15:25 of 1st period - Icing by Scott Walker.
15:26 of 1st period - Jeff Halpern wins face-off versus Erik Rasmussen in Maple Leafs zone.
15:54 of 1st period - Stephane Robidas is hit by Patrick Kaleta and loses puck.
16:01 of 1st period - Wrist shot by Patrick Kaleta.
16:01 of 1st period - Stopped by Marc-André Fleury without a rebound.
16:02 of 1st period - Peter Forsberg wins face-off versus Jonathan Toews in Maple Leafs zone.
16:02 of 1st period - Peter Forsberg is hit by Jonathan Toews.
16:30 of 1st period - Wrist shot by Ilya Kovalchuk.
16:30 of 1st period - Shot Misses the Net.
16:31 of 1st period - Minor Penalty to Patrick Kaleta for Interference.
16:31 of 1st period - Minor Penalty to Derek Roy for Slashing.
16:32 of 1st period - Pierre-Marc Bouchard wins face-off versus Peter Forsberg in Maple Leafs zone.
17:29 of 1st period - Claude Giroux is hit by Ilya Kovalchuk and loses puck.
18:02 of 1st period - Wrist shot by Andy Hilbert.
18:02 of 1st period - Shot Blocked by Rob Scuderi.
18:04 of 1st period - Slapshot by Dion Phaneuf.
18:04 of 1st period - Stopped by Cam Ward without a rebound.
18:05 of 1st period - Pierre-Marc Bouchard wins face-off versus Peter Forsberg in Oilers zone.
18:31 of 1st period - Penalty to Patrick Kaleta is over, Patrick Kaleta is back on ice.
18:31 of 1st period - Penalty to Derek Roy is over, Derek Roy is back on ice.
18:51 of 1st period - Derek Roy is hit by Patrick Kaleta and loses puck.
18:58 of 1st period - Snap shot by Erik Rasmussen.
18:58 of 1st period - Stopped by Marc-André Fleury with a rebound.
19:00 of 1st period - Snap shot by Patrick Marleau.
19:00 of 1st period - Shot Misses the Net.
19:02 of 1st period - Snap shot by Jiri Slegr.
19:02 of 1st period - Stopped by Marc-André Fleury without a rebound.
19:03 of 1st period - Peter Forsberg wins face-off versus Vernon Fiddler in Maple Leafs zone.
19:08 of 1st period - Slapshot by Stephane Robidas.
19:08 of 1st period - Deflect By Pascal Dupuis.
19:08 of 1st period - Stopped by Cam Ward without a rebound.
19:09 of 1st period - Peter Forsberg wins face-off versus Vernon Fiddler in Oilers zone.
19:10 of 1st period - Wrist shot by Claude Giroux.
19:10 of 1st period - Shot Blocked by Kurtis Foster.
19:13 of 1st period - Icing by Kurtis Foster.
19:14 of 1st period - Pascal Dupuis wins face-off versus Peter Forsberg in Oilers zone.
19:21 of 1st period - Slapshot by Claude Giroux.
19:21 of 1st period - Shot Misses the Net.
19:23 of 1st period - Wrist shot by Tobias Enstrom.
19:23 of 1st period - Deflect By Peter Forsberg.
19:23 of 1st period - Shot Misses the Net.
19:23 of 1st period - Puck is out of play.
19:24 of 1st period - Peter Forsberg wins face-off versus Pierre-Marc Bouchard in Oilers zone.
19:27 of 1st period - Wrist shot by Peter Forsberg.
19:27 of 1st period - Shot Blocked by Pierre-Marc Bouchard.
19:55 of 1st period - Slapshot by Dustin Penner.
19:55 of 1st period - Deflect By Brad Boyes.
19:55 of 1st period - Shot Misses the Net.
19:55 of 1st period - Puck is out of play.
19:56 of 1st period - Derek Roy wins face-off versus Jonathan Toews in Oilers zone.

2nd period


0:01 of 2nd period - Pierre-Marc Bouchard wins face-off versus Peter Forsberg in neutral zone.
0:08 of 2nd period - Snap shot by Peter Forsberg.
0:08 of 2nd period - Stopped by Cam Ward with a rebound.
0:30 of 2nd period - Wrist shot by Brad Boyes.
0:30 of 2nd period - Stopped by Cam Ward without a rebound.
0:31 of 2nd period - Dustin Penner wins face-off versus Jonathan Toews in Oilers zone.
0:33 of 2nd period - Minor Penalty to Kurtis Foster for Tripping.
0:34 of 2nd period - Peter Forsberg wins face-off versus Erik Rasmussen in Oilers zone.
0:35 of 2nd period - Wrist shot by Zach Parise.
0:35 of 2nd period - Stopped by Cam Ward with a rebound.
0:37 of 2nd period - Snap shot by Zach Parise.
0:37 of 2nd period - Stopped by Cam Ward without a rebound.
0:38 of 2nd period - Erik Rasmussen wins face-off versus Peter Forsberg in Oilers zone.
2:04 of 2nd period - Wrist shot by Brad Boyes.
2:04 of 2nd period - Stopped by Cam Ward with a rebound.
2:06 of 2nd period - Slapshot by Stephane Robidas.
2:06 of 2nd period - Deflect By Erik Rasmussen.
2:06 of 2nd period - Stopped by Cam Ward with a rebound.
2:08 of 2nd period - Snap shot by Derek Roy.
2:08 of 2nd period - Goal by Derek Roy - Maple Leafs : 1 - Oilers : 0.
2:09 of 2nd period - Pierre-Marc Bouchard wins face-off versus Peter Forsberg in neutral zone.
2:36 of 2nd period - Snap shot by Joe Pavelski.
2:36 of 2nd period - Shot Misses the Net.
2:42 of 2nd period - Kurtis Foster is hit by Steve Ott and loses puck.
2:57 of 2nd period - Wrist shot by Steve Begin.
2:57 of 2nd period - Deflect By Erik Rasmussen.
2:57 of 2nd period - Shot Misses the Net.
2:57 of 2nd period - Puck is out of play.
2:58 of 2nd period - Erik Rasmussen wins face-off versus Jeff Halpern in Maple Leafs zone.
3:03 of 2nd period - Snap shot by Steve Begin.
3:03 of 2nd period - Shot Misses the Net.
3:05 of 2nd period - Backhand shot by Joe Callahan.
3:05 of 2nd period - Stopped by Marc-André Fleury with a rebound.
3:17 of 2nd period - Scott Walker is hit by Steve Begin and loses puck.
3:22 of 2nd period - Wrist shot by Erik Rasmussen.
3:22 of 2nd period - Stopped by Marc-André Fleury with a rebound.
3:24 of 2nd period - Slapshot by Kurtis Foster.
3:24 of 2nd period - Stopped by Marc-André Fleury without a rebound.
3:25 of 2nd period - Peter Forsberg wins face-off versus Pierre-Marc Bouchard in Maple Leafs zone.
3:46 of 2nd period - Rob Scuderi is hit by Claude Giroux and loses puck.
4:03 of 2nd period - Wrist shot by Ilya Kovalchuk.
4:03 of 2nd period - Shot Blocked by Peter Forsberg.
4:05 of 2nd period - Slapshot by Rob Scuderi.
4:05 of 2nd period - Deflect By Ilya Kovalchuk.
4:05 of 2nd period - Deflect By Zach Parise.
4:05 of 2nd period - Shot Misses the Net.
4:05 of 2nd period - Puck is out of play.
4:06 of 2nd period - Derek Roy wins face-off versus Jonathan Toews in Maple Leafs zone.
4:06 of 2nd period - Derek Roy is hit by Jonathan Toews.
4:33 of 2nd period - Alex Goligoski is hit by Pavol Demitra and loses puck.
5:37 of 2nd period - Snap shot by Brad Boyes.
5:37 of 2nd period - Stopped by Cam Ward without a rebound.
5:38 of 2nd period - Pierre-Marc Bouchard wins face-off versus Brad Boyes in Oilers zone.
5:49 of 2nd period - Slapshot by Ilya Kovalchuk.
5:49 of 2nd period - Shot Blocked by Jordan Leopold.
5:51 of 2nd period - Wrist shot by Pierre-Marc Bouchard.
5:51 of 2nd period - Stopped by Marc-André Fleury with a rebound.
6:50 of 2nd period - Jeff Halpern is hit by Pierre-Marc Bouchard and loses puck.
7:52 of 2nd period - Wrist shot by Steve Ott.
7:52 of 2nd period - Shot Misses the Net.
8:08 of 2nd period - Wrist shot by Ilya Kovalchuk.
8:08 of 2nd period - Shot Blocked by Dion Phaneuf.
8:49 of 2nd period - Brett Clark is hit by Mark Fistric and loses puck.
9:16 of 2nd period - Wrist shot by Erik Rasmussen.
9:16 of 2nd period - Stopped by Marc-André Fleury with a rebound.
9:18 of 2nd period - Backhand shot by Mark Fistric.
9:18 of 2nd period - Deflect By Alex Goligoski.
9:18 of 2nd period - Stopped by Marc-André Fleury with a rebound.
9:20 of 2nd period - Slapshot by Pavol Demitra.
9:20 of 2nd period - Shot Misses the Net.
9:30 of 2nd period - Patrick Kaleta is hit by Scott Walker and loses puck.
9:51 of 2nd period - Icing by Jordan Leopold.
9:52 of 2nd period - Patrick Marleau wins face-off versus Derek Roy in Maple Leafs zone.
9:53 of 2nd period - Wrist shot by Joe Pavelski.
9:53 of 2nd period - Stopped by Marc-André Fleury without a rebound.
9:54 of 2nd period - Pierre-Marc Bouchard wins face-off versus Derek Roy in Maple Leafs zone.
9:57 of 2nd period - Backhand shot by Ilya Kovalchuk.
9:57 of 2nd period - Stopped by Marc-André Fleury without a rebound.
9:58 of 2nd period - Pierre-Marc Bouchard wins face-off versus Peter Forsberg in Maple Leafs zone.
10:33 of 2nd period - Stephane Robidas is hit by Ilya Kovalchuk and loses puck.
11:04 of 2nd period - Slapshot by Paul Stastny.
11:04 of 2nd period - Stopped by Cam Ward with a rebound.
11:06 of 2nd period - Slapshot by Stephane Robidas.
11:06 of 2nd period - Stopped by Cam Ward without a rebound.
11:07 of 2nd period - Peter Forsberg wins face-off versus Jonathan Toews in Oilers zone.
11:35 of 2nd period - Off-side.
11:36 of 2nd period - Derek Roy wins face-off versus Erik Rasmussen in neutral zone.
11:38 of 2nd period - Minor Penalty to Mark Fistric for Tripping.
11:38 of 2nd period - Minor Penalty to Derek Roy for Holding.
11:39 of 2nd period - Peter Forsberg wins face-off versus Pierre-Marc Bouchard in Oilers zone.
11:48 of 2nd period - Slapshot by Claude Giroux.
11:48 of 2nd period - Goal by Claude Giroux - Maple Leafs : 2 - Oilers : 0.
11:49 of 2nd period - Erik Rasmussen wins face-off versus Peter Forsberg in neutral zone.
11:52 of 2nd period - Snap shot by Erik Rasmussen.
11:52 of 2nd period - Shot Blocked by Peter Forsberg.
11:54 of 2nd period - Wrist shot by Kurtis Foster.
11:54 of 2nd period - Stopped by Marc-André Fleury with a rebound.
11:56 of 2nd period - Slapshot by Kurtis Foster.
11:56 of 2nd period - Shot Misses the Net.
11:58 of 2nd period - Slapshot by Kurtis Foster.
11:58 of 2nd period - Stopped by Marc-André Fleury without a rebound.
11:59 of 2nd period - Erik Rasmussen wins face-off versus Peter Forsberg in Maple Leafs zone.
12:10 of 2nd period - Wrist shot by Patrick Marleau.
12:10 of 2nd period - Shot Blocked by Stephane Robidas.
12:12 of 2nd period - Slapshot by Rob Scuderi.
12:12 of 2nd period - Stopped by Marc-André Fleury with a rebound.
12:14 of 2nd period - Slapshot by Patrick Marleau.
12:14 of 2nd period - Shot Blocked by Tobias Enstrom.
12:16 of 2nd period - Slapshot by Rob Scuderi.
12:16 of 2nd period - Shot Misses the Net.
12:30 of 2nd period - Wrist shot by Erik Rasmussen.
12:30 of 2nd period - Shot Blocked by Stephane Robidas.
12:42 of 2nd period - Snap shot by Patrick Marleau.
12:42 of 2nd period - Stopped by Marc-André Fleury with a rebound.
12:52 of 2nd period - Wrist shot by Patrick Marleau.
12:52 of 2nd period - Shot Misses the Net.
12:56 of 2nd period - Wrist shot by Erik Rasmussen.
12:56 of 2nd period - Deflect By Patrick Marleau.
12:56 of 2nd period - Shot Misses the Net.
12:56 of 2nd period - Puck is out of play.
12:57 of 2nd period - Pierre-Marc Bouchard wins face-off versus Paul Stastny in Maple Leafs zone.
13:12 of 2nd period - Snap shot by Pierre-Marc Bouchard.
13:12 of 2nd period - Stopped by Marc-André Fleury with a rebound.
13:38 of 2nd period - Penalty to Mark Fistric is over, Mark Fistric is back on ice.
13:38 of 2nd period - Penalty to Derek Roy is over, Derek Roy is back on ice.
13:41 of 2nd period - Snap shot by Derek Roy.
13:41 of 2nd period - Stopped by Cam Ward with a rebound.
13:43 of 2nd period - Slapshot by Alex Goligoski.
13:43 of 2nd period - Stopped by Cam Ward without a rebound.
13:44 of 2nd period - Vernon Fiddler wins face-off versus Derek Roy in Oilers zone.
13:44 of 2nd period - Vernon Fiddler is hit by Dustin Penner.
13:49 of 2nd period - Minor Penalty to Dustin Penner for Interference.
13:50 of 2nd period - Claude Giroux wins face-off versus Pierre-Marc Bouchard in Maple Leafs zone.
14:03 of 2nd period - Snap shot by Pierre-Marc Bouchard.
14:03 of 2nd period - Stopped by Marc-André Fleury without a rebound.
14:04 of 2nd period - Jonathan Toews wins face-off versus Peter Forsberg in Maple Leafs zone.
14:07 of 2nd period - Wrist shot by Patrick Marleau.
14:07 of 2nd period - Shot Misses the Net.
14:11 of 2nd period - Snap shot by Joe Pavelski.
14:11 of 2nd period - Shot Misses the Net.
14:13 of 2nd period - Slapshot by Joe Pavelski.
14:13 of 2nd period - Shot Misses the Net.
15:49 of 2nd period - Penalty to Dustin Penner is over, Dustin Penner is back on ice.
18:12 of 2nd period - Ilya Kovalchuk is hit by Dion Phaneuf and loses puck.
18:16 of 2nd period - Minor Penalty to Zach Parise for High sticking.
18:17 of 2nd period - Peter Forsberg wins face-off versus Patrick Kaleta in Maple Leafs zone.
18:17 of 2nd period - Peter Forsberg is hit by Ilya Kovalchuk.
18:23 of 2nd period - Wrist shot by Peter Forsberg.
18:23 of 2nd period - Shot Misses the Net.
19:33 of 2nd period - Joe Pavelski is hit by Derek Roy and loses puck.
19:40 of 2nd period - Jordan Leopold is hit by Jonathan Toews and loses puck.

3rd period


0:01 of 3rd period - Pierre-Marc Bouchard wins face-off versus Peter Forsberg in neutral zone.
0:16 of 3rd period - Penalty to Zach Parise is over, Zach Parise is back on ice.
1:39 of 3rd period - Ilya Kovalchuk is hit by Alex Goligoski and loses puck.
1:56 of 3rd period - Tobias Enstrom is hit by Kurtis Foster and loses puck.
2:07 of 3rd period - Snap shot by Patrick Marleau.
2:07 of 3rd period - Stopped by Marc-André Fleury with a rebound.
2:09 of 3rd period - Snap shot by Jonathan Toews.
2:09 of 3rd period - Shot Misses the Net.
2:21 of 3rd period - Slapshot by Stephane Robidas.
2:21 of 3rd period - Stopped by Cam Ward without a rebound.
2:22 of 3rd period - Erik Rasmussen wins face-off versus Peter Forsberg in Oilers zone.
2:41 of 3rd period - Slapshot by Peter Forsberg.
2:41 of 3rd period - Shot Blocked by Steve Begin.
2:43 of 3rd period - Slapshot by Claude Giroux.
2:43 of 3rd period - Stopped by Cam Ward without a rebound.
2:44 of 3rd period - Derek Roy wins face-off versus Pierre-Marc Bouchard in Oilers zone.
3:11 of 3rd period - Ian White is hit by Zach Parise and loses puck.
3:34 of 3rd period - Slapshot by Steve Begin.
3:34 of 3rd period - Shot Misses the Net.
3:40 of 3rd period - Steve Begin is hit by Steve Ott.
4:12 of 3rd period - Derek Roy is hit by Pierre-Marc Bouchard.
4:16 of 3rd period - Wrist shot by Pierre-Marc Bouchard.
4:16 of 3rd period - Goal by Pierre-Marc Bouchard - Maple Leafs : 2 - Oilers : 1.
4:17 of 3rd period - Pierre-Marc Bouchard wins face-off versus Claude Giroux in neutral zone.
4:30 of 3rd period - Slapshot by Ilya Kovalchuk.
4:30 of 3rd period - Stopped by Marc-André Fleury with a rebound.
4:49 of 3rd period - Snap shot by Steve Begin.
4:49 of 3rd period - Shot Misses the Net.
4:51 of 3rd period - Wrist shot by Erik Rasmussen.
4:51 of 3rd period - Shot Blocked by Stephane Robidas.
4:53 of 3rd period - Snap shot by Pavol Demitra.
4:53 of 3rd period - Stopped by Marc-André Fleury without a rebound.
4:54 of 3rd period - Zach Parise wins face-off versus Pierre-Marc Bouchard in Maple Leafs zone.
5:07 of 3rd period - Snap shot by Peter Forsberg.
5:07 of 3rd period - Shot Misses the Net.
5:41 of 3rd period - Backhand shot by Byron Bitz.
5:41 of 3rd period - Stopped by Cam Ward with a rebound.
5:43 of 3rd period - Snap shot by Byron Bitz.
5:43 of 3rd period - Shot Blocked by Jiri Slegr.
5:45 of 3rd period - Snap shot by Steve Ott.
5:45 of 3rd period - Shot Misses the Net.
5:47 of 3rd period - Snap shot by Tobias Enstrom.
5:47 of 3rd period - Stopped by Cam Ward without a rebound.
5:48 of 3rd period - Peter Forsberg wins face-off versus Pierre-Marc Bouchard in Oilers zone.
5:49 of 3rd period - Wrist shot by Claude Giroux.
5:49 of 3rd period - Stopped by Cam Ward with a rebound.
6:03 of 3rd period - Slapshot by Claude Giroux.
6:03 of 3rd period - Stopped by Cam Ward without a rebound.
6:04 of 3rd period - Jonathan Toews wins face-off versus Derek Roy in Oilers zone.
6:13 of 3rd period - Backhand shot by Rob Scuderi.
6:13 of 3rd period - Stopped by Marc-André Fleury with a rebound.
6:29 of 3rd period - Peter Forsberg is hit by Rob Scuderi and loses puck.
6:59 of 3rd period - Off-side.
7:00 of 3rd period - Pierre-Marc Bouchard wins face-off versus Derek Roy in neutral zone.
7:09 of 3rd period - Snap shot by Patrick Kaleta.
7:09 of 3rd period - Shot Hit the Post.
7:11 of 3rd period - Wrist shot by Ilya Kovalchuk.
7:11 of 3rd period - Stopped by Marc-André Fleury with a rebound.
7:13 of 3rd period - Snap shot by Patrick Kaleta.
7:13 of 3rd period - Stopped by Marc-André Fleury without a rebound.
7:14 of 3rd period - Zach Parise wins face-off versus Pierre-Marc Bouchard in Maple Leafs zone.
7:47 of 3rd period - Zach Parise is hit by Patrick Kaleta and loses puck.
9:11 of 3rd period - Wrist shot by Ilya Kovalchuk.
9:11 of 3rd period - Stopped by Marc-André Fleury without a rebound.
9:12 of 3rd period - Derek Roy wins face-off versus Jonathan Toews in Maple Leafs zone.
10:03 of 3rd period - Icing by Joe Callahan.
10:04 of 3rd period - Derek Roy wins face-off versus Vernon Fiddler in Oilers zone.
10:29 of 3rd period - Joe Callahan is hit by Andy Hilbert and loses puck.
10:34 of 3rd period - Wrist shot by Scott Walker.
10:34 of 3rd period - Shot Hit the Post.
11:04 of 3rd period - Snap shot by Pascal Dupuis.
11:04 of 3rd period - Shot Misses the Net.
11:06 of 3rd period - Wrist shot by Vernon Fiddler.
11:06 of 3rd period - Stopped by Marc-André Fleury with a rebound.
11:08 of 3rd period - Snap shot by Pascal Dupuis.
11:08 of 3rd period - Deflect By Eric Nystrom.
11:08 of 3rd period - Stopped by Marc-André Fleury without a rebound.
11:09 of 3rd period - Jonathan Toews wins face-off versus Derek Roy in Maple Leafs zone.
11:12 of 3rd period - Snap shot by Joe Pavelski.
11:12 of 3rd period - Deflect By Jonathan Toews.
11:12 of 3rd period - Shot Misses the Net.
11:12 of 3rd period - Puck is out of play.
11:13 of 3rd period - Derek Roy wins face-off versus Jonathan Toews in Maple Leafs zone.
12:05 of 3rd period - Wrist shot by Peter Forsberg.
12:05 of 3rd period - Shot Misses the Net.
12:07 of 3rd period - Wrist shot by Zach Parise.
12:07 of 3rd period - Goal by Zach Parise - Maple Leafs : 3 - Oilers : 1.
12:08 of 3rd period - Pierre-Marc Bouchard wins face-off versus Peter Forsberg in neutral zone.
12:16 of 3rd period - Slapshot by Ilya Kovalchuk.
12:16 of 3rd period - Shot Blocked by Tobias Enstrom.
12:18 of 3rd period - Backhand shot by Pierre-Marc Bouchard.
12:18 of 3rd period - Shot Blocked by Stephane Robidas.
13:02 of 3rd period - Minor Penalty to Steve Begin for Holding.
13:03 of 3rd period - Vernon Fiddler wins face-off versus Zach Parise in Oilers zone.
13:40 of 3rd period - Snap shot by Tobias Enstrom.
13:40 of 3rd period - Stopped by Cam Ward with a rebound.
15:02 of 3rd period - Penalty to Steve Begin is over, Steve Begin is back on ice.
15:06 of 3rd period - Slapshot by Pavol Demitra.
15:06 of 3rd period - Stopped by Marc-André Fleury with a rebound.
15:14 of 3rd period - Mark Fistric is hit by Byron Bitz and loses puck.
16:19 of 3rd period - Snap shot by Ilya Kovalchuk.
16:19 of 3rd period - Shot Blocked by Jordan Leopold.
16:48 of 3rd period - Joe Callahan is hit by Jeff Halpern and loses puck.
18:09 of 3rd period - Snap shot by Pascal Dupuis.
18:09 of 3rd period - Deflect By Eric Nystrom.
18:09 of 3rd period - Shot Misses the Net.
18:09 of 3rd period - Puck is out of play.
18:10 of 3rd period - Peter Forsberg wins face-off versus Vernon Fiddler in Maple Leafs zone.
19:20 of 3rd period - Snap shot by Ian White.
19:20 of 3rd period - Shot Misses the Net.
19:26 of 3rd period - Joe Pavelski is hit by Dion Phaneuf and loses puck.


Output by the SimonT Hockey Simulator (STHS) for François Prévost -- Original Page W3C XHTML 1.0 Valid
Hockey Simulator - Hockey Simulation - Hockey Manager